 Dungeon Crawl Stone Soup version 0.23.0-3-gf3c87f2 (webtiles) character file.

Game seed: 16008955217211373418

23 Torikoriko the Skirmisher (level 3, -4/30 HPs)
             Began as a Barachi Wanderer on Feb 20, 2019.
             Slain by a killer bee zombie (5 damage)
             ... on level 2 of the Dungeon.
             The game lasted 00:04:33 (1067 turns).

Torikoriko the Skirmisher (Barachi Wanderer)        Turns: 1067, Time: 00:04:33

Health: -4/30      AC:  7    Str: 13    XL:     3   Next: 0%
Magic:  6/6        EV: 13    Int: 17    God:
Gold:   73         SH:  0    Dex: 17    Spells: 6/6 levels left

rFire    . . .     SeeInvis .   b - +0 hand axe
rCold    . . .     Gourm    .   (no shield)
rNeg     . . .     Faith    .   e - +0 scale mail
rPois    .         Spirit   .   (no helmet)
rElec    .         Reflect  .   (no cloak)
rCorr    .         Harm     .   o - +0 pair of gloves
MR       .....                  (no boots)
Stlth    +.........             (no amulet)
HPRegen  0.10/turn              (no ring)
MPRegen  0.10/turn              (no ring)

@: brilliant, agile, can't hop, slow
A: +LOS, swims, slowness 1, strong legs 1
a: Hop


You were on level 2 of the Dungeon.
You were not hungry.

You visited 1 branch of the dungeon, and saw 2 of its levels.

You collected 73 gold pieces.

Inventory:

Hand Weapons
 b - a +0 hand axe (weapon)
Armour
 d - a +0 robe
 e - a +0 scale mail (worn)
 o - a +0 pair of gloves (worn)
Jewellery
 a - a +3 ring of protection {unknown}
 l - an uncursed ring of resist corrosion {unknown}
Scrolls
 h - a scroll of amnesia {unknown}
 i - a scroll of magic mapping {unknown}
 j - a scroll of enchant weapon {unknown}
 k - 2 scrolls of teleportation {unknown}
 m - a scroll of blinking {unknown}
Comestibles
 f - 4 rations
 n - a chunk of flesh


   Skills:
 + Level 4.0 Fighting
 * Level 1.8 Axes
 - Level 1.0 Throwing
 + Level 1.2 Armour
   Level 1.1 Shields
 - Level 2.2 Spellcasting
   Level 1.7 Necromancy
   Level 1.1 Translocations


You had 6 spell levels left.
You didn't know any spells.
Your spell library contained the following spells:

 Spells                   Type           Power        Failure   Level  Hunger
 Blink                    Tloc           N/A          10%         2    ###....
 Shroud of Golubria       Chrm/Tloc      ##........   12%         2    ###....
 Gell's Gravitas          Tloc           ###.......   19%         3    ###....
 Lesser Beckoning         Tloc           ###.......   19%         3    ###....
 Teleport Other           Tloc           ###.....     19%         3    ###....
 Passage of Golubria      Tloc           N/A          47%         4    #####..


Dungeon Overview and Level Annotations

Branches:
Dungeon (2/15)

Altars:


Innate Abilities, Weirdness & Mutations

Shadows flee at your approach. (+LOS)
You can swim through water.
You cover ground slowly.
You can hop short distances.


Message History

You barely miss the killer bee zombie.
The killer bee zombie is heavily damaged.
The killer bee zombie hits you.
* * * LOW HITPOINT WARNING * * *
The killer bee zombie hits you.
* * * LOW HITPOINT WARNING * * *
You miss the killer bee zombie.
The killer bee zombie is heavily damaged.
The killer bee zombie misses you.
The killer bee zombie hits you but does no damage.
The killer bee zombie hits you.
* * * LOW HITPOINT WARNING * * *
You closely miss the killer bee zombie.
The killer bee zombie is heavily damaged.
The killer bee zombie hits you but does no damage.
The killer bee zombie closely misses you.
You closely miss the killer bee zombie.
The killer bee zombie is heavily damaged.
The killer bee zombie hits you.
You die...

########.## .#
#......# #
#......##.#
#.........#
#.........#
#.........#
###.......#
#.......>#
#@######## #Z#
#.# #.# #.#
#.########
#........#
#.....######.#
#.###.#


You could see a killer bee zombie.

Vanquished Creatures
  An adder (D:2)
  2 giant cockroaches
  2 goblins (D:1)
  A hobgoblin (D:1)
  2 jackals (D:2)
  A ball python (D:2)
  A bat (D:2)
  2 frilled lizards (D:1)
  A kobold (D:2)
  2 rats (D:1)
15 creatures vanquished.

Notes
Turn   | Place    | Note
-------+----------+-------------------------------------------
     0 | D:1      | Torikoriko the Barachi Wanderer began the quest for the
                  | Orb.
     0 | D:1      | Torikoriko set off with the following items: a +0 hand axe,
                  | a +0 spear, a +0 robe, a ration; and the following spells
                  | available to memorise: Blink, Shroud of Golubria, Gell's
                  | Gravitas, Lesser Beckoning, Teleport Other, Passage of
                  | Golubria
     0 | D:1      | Reached XP level 1. HP: 18/18 MP: 3/3
   283 | D:1      | Reached skill level 1 in Axes
   283 | D:1      | Reached XP level 2. HP: 12/25 MP: 5/5
   725 | D:2      | Reached skill level 1 in Armour
   973 | D:2      | Reached skill level 4 in Fighting
  1026 | D:2      | Reached XP level 3. HP: 30/30 MP: 6/6
  1065 | D:2      | HP: 1/30 [killer bee zombie (5)]
  1067 | D:2      | Slain by a killer bee zombie

Skill      XL: |  1  2 |
---------------+-------+-----
Axes           | 1 |  1.8
Armour         | 1 |  1.2
Fighting       | 4 |  4.0
Throwing       | |  1.0
Shields        | |  1.1
Spellcasting   | |  2.2
Necromancy     | |  1.7
Translocations | |  1.1

Action                   || total
-------------------------++-------
Melee: Hand axe          ||    67
 Abil: Hop               ||     1
  Use: Potion            ||     2
  Eat: Chunk             ||     1
Armor: Scale mail        ||    41
       Robe              ||     1
Dodge: Dodged            ||    51
